 Dungeon Crawl Stone Soup version 0.32-a0-815-g315f82d515 (webtiles) character file.

Game seed: 16741347634879222277

28070 Ajdolov the Marksghoul (level 13, -4/90 HPs)
             Began as a Ghoul Hunter on Mar 23, 2024.
             Was an Elder of Hepliaklqana.
             Shot with an arrow by Nessos (25 damage)
             ... on level 3 of the Lair of Beasts.
             The game lasted 00:42:41 (18382 turns).

Ajdolov the Marksghoul (Ghoul Hunter)              Turns: 18382, Time: 00:42:43

Health: -4/90      AC:  7    Str: 16    XL:     13   Next: 36%
Magic:  0/20       EV: 19    Int: 14    God:    Hepliaklqana [****..]
Gold:   675        SH:  0    Dex: 22    Spells: 12/12 levels left

rFire   + . .        P - +0 longbow (freeze)
rCold   + . .        (shield currently unavailable)
rNeg    + + +        H - +0 steam dragon scales
rPois   ∞            t - +0 helmet
rElec   .            (no cloak)
rCorr   +            (no gloves)
SInv    .            d - +0 pair of boots
Will    .....        y - amulet of guardian spirit
Stlth   ++           o - +6 ring of dexterity
HPRegen 0.00/turn    F - ring of Hepliaklqana's Regard {rF+ rCorr EV+5 Int+6}
MPRegen 0.17/turn

%: guardian spirit
@: inhibited regen
A: reduced essence, claws 1, cold resistance 1, negative energy resistance 3,
inhibited regeneration, torment resistance 2, devour on kill
a: Renounce Religion, Recall Ancestor, Ancestor Identity, Transference, Idealise


You were on level 3 of the Lair of Beasts.
You worshipped Hepliaklqana.
Hepliaklqana was greatly pleased with you.
You visited 3 branches of the dungeon, and saw 15 of its levels.
You also visited: Ice Cave.

You collected 902 gold pieces.
You spent 227 gold pieces at shops.

Inventory:

Hand Weapons
 P - a +0 longbow of freezing (weapon)
Missiles
 C - a curare-tipped dart
Armour
 d - a +0 pair of boots (worn)
 t - a +0 helmet (worn)
 H - +0 steam dragon scales (worn)
 O - a +2 buckler of cold resistance
Jewellery
 o - a +6 ring of dexterity (left claw)
 y - an amulet of guardian spirit (around neck)
 F - the ring of Hepliaklqana's Regard (right claw) {rF+ rCorr EV+5 Int+6}
   (You found it on level 10 of the Dungeon)

   [ring of evasion]

   EV+5:      It affects your evasion (+5).
   Int+6:     It affects your intelligence (+6).
   rF+:       It protects you from fire.
   rCorr:     It protects you from acid and corrosion.
 Q - a ring of protection from cold
Wands
 w - a wand of polymorph (17)
 G - a wand of charming (2)
 L - a wand of digging (6)
Scrolls
 e - 5 scrolls of teleportation
 f - 4 scrolls of enchant armour
 h - a scroll of fog
 i - 2 scrolls of amnesia
 j - 3 scrolls of poison
 m - a scroll of vulnerability
 r - 3 scrolls of brand weapon
 s - a scroll of fear
 u - a scroll of torment {unknown}
 z - a scroll of immolation
 D - a scroll of noise
 I - 3 scrolls of revelation {unknown}
Potions
 b - 2 potions of brilliance {unknown}
 c - 2 potions of invisibility {unknown}
 g - 2 potions of cancellation {unknown}
 k - 4 potions of curing
 l - 2 potions of magic
 n - 5 potions of attraction {unknown}
 p - a potion of haste {unknown}
 x - 2 potions of might {unknown}
 A - a potion of ambrosia {unknown}
 B - 2 potions of mutation {unknown}
 N - a potion of lignification {unknown}
 R - a potion of resistance {unknown}
Miscellaneous
 a - a phial of floods (inert)
 q - a phantom mirror (inert)
 v - a condenser vane


   Skills:
 - Level 5.0 Fighting
 + Level 16.1 Ranged Weapons
 - Level 5.0 Dodging
 - Level 1.1 Stealth
 - Level 10.0 Invocations
 * Level 8.1 Evocations


You had 12 spell levels left.
You didn't know any spells.
Your spell library contained the following spells:

 Spells                   Type           Power      Damage    Failure   Level
 Magic Dart               Conj           0%         1d3       28%         1
 Summon Small Mammal      Summ           0%         N/A       28%         1
 Blink                    Tloc           0%         N/A       41%         2
 Call Imp                 Summ           0%         N/A       41%         2
 Jinxbite                 Hex            0%         N/A       41%         2
 Lesser Beckoning         Tloc           0%         N/A       41%         2
 Call Canine Familiar     Summ           0%         N/A       65%         3
 Frozen Ramparts          Ice            0%         1d1       65%         3
 Gell's Gravitas          Tloc           0%         N/A       65%         3
 Ozocubu's Armour         Ice            0%         N/A       65%         3
 Teleport Other           Tloc           0%         N/A       65%         3
 Brom's Barrelling Bould  Conj/Erth      0%         2d3       96%         4
 Ignite Poison            Fire/Alch      0%         N/A       96%         4
 Sticky Flame             Fire/Alch      0%         2d4       96%         4
 Summon Blazeheart Golem  Fire/Summ      0%         N/A       96%         4
 Fireball                 Conj/Fire      0%         3d3       100%        5
 Iskenderun's Battlesphe  Conj           0%         2d6       100%        5
 Metabolic Englaciation   Hex/Ice        0%         N/A       100%        5
 Yara's Violent Unravell  Hex/Alch       0%         3d3       100%        5
 Conjure Ball Lightning   Conj/Air       0%         3x3d6     100%        6
 Enfeeble                 Hex            0%         N/A       100%        7
 Malign Gateway           Summ/Tloc      0%         N/A       100%        7
 Orb of Destruction       Conj           0%         9d5       100%        7
 Discord                  Hex            0%         N/A       100%        8
 Disjunction              Tloc           0%         N/A       100%        8
 Ignition                 Fire           0%         3d3       100%        8
 Summon Horrible Things   Summ           0%         N/A       100%        8


Dungeon Overview and Level Annotations

Branches:
Dungeon (11/15)            Temple (1/1) D:5            Lair (3/5) D:11
  Swamp (0/4) Lair:2       Spider (0/4) Lair:2        IceCv (visited)
    Orc: D:9-12

Altars:
Ashenzari
Cheibriados
Dithmenos
Fedhas
Gozag
Hepliaklqana
Kikubaaqudgha
Makhleb
Nemelex Xobeh
Okawaru
Qazlal
Ru
Sif Muna
Trog
Uskayaw
Vehumet
Wu Jian
Xom
Yredelemnul

Shops:
D:1 (   D:6 *   D:9 !

Annotations:
D:2 Sigmund
D:4 1 runed translucent door, Crazy Yiuf
D:5 Edmund
Lair:2 Gastronok
Lair:3 Nessos


Innate Abilities, Weirdness & Mutations

Your life essence is reduced to manifest your ancestor. (-10% HP)
You are immune to poison.
You have sharp fingernails.
Your flesh is cold resistant. (rC+)
You are immune to negative energy. (rN+++)
You do not regenerate when monsters are visible.
You are immune to unholy pain and torment.
You thrive by killing the living.


Message History

You swap places.
Celac blocks something's attack.
Something kicks Celac but does no damage.
You start resting.
Nessos wields a +1 longbow of flaming.
It bursts into flame!
Nessos shoots an arrow.
The arrow hits Celac!
The arrow burns Celac.
You shoot an arrow. Celac avoids your attack.
The arrow hits Nessos!
The arrow freezes Nessos.
Nessos is moderately wounded.
Nessos shoots an arrow.
The arrow barely misses Celac.
The arrow hits you! The arrow burns you.
Unknown command.
You shoot an arrow. Celac avoids your attack.
The arrow hits Nessos!
The arrow freezes Nessos.
Nessos is heavily wounded.
Nessos gestures wildly while chanting.
Nessos blinks!
Nessos gestures wildly while chanting.
Nessos blinks!
You swap places.
Nessos shoots an arrow.
The arrow hits Celac!!
The arrow burns Celac.
Nessos shoots an arrow.
The arrow barely misses Celac.
The arrow hits you! The arrow burns you.
Nessos shoots an arrow.
The arrow hits Celac!!
The arrow burns Celac.
Celac is destroyed!
Okay, then.
Blink to where?
Press: ? - help, Dir - move target, p - Nessos
As you read the scroll of blinking, it crumbles to dust.
Nessos shoots an arrow.
The arrow completely misses you.
As you read the scroll of fog, it dissolves into smoke.
Nessos shoots an arrow.
The arrow closely misses you.
Nessos shoots an arrow.
The arrow closely misses you.
Nessos shoots an arrow.
The arrow hits you!
* * * LOW HITPOINT WARNING * * *
Okay, then.
Aiming: Charm
Press: ? - help, Shift-Dir - straight line, f - Nessos
Aim: Nessos, wielding a +1 longbow of flaming and wearing a +0 barding (grey smoke, moderately wounded, fast, chance to affect: 67%) Nessos struggles to resist.
Nessos shoots an arrow.
The arrow hits you!!
You die...
Hepliaklqana delivers you to your ancestors.

#..†........§...??..#
#.^.§§#§........†....
#..§§§§§....#....#..
##.§§§#......#...#
###.§§§##....###.##
#..§§§§###..... ...
##..§c§§# ...........
#.......##...........
###....§@#...........
#............##.... #
##............#.....###.
#P.##..<...............#
##..####...........#...P
##.## .##..........<..
###..# ###....#........
##P...# ......##.......
. #P...P#
###.>....#...P#..


You could see Nessos (fast).

Vanquished Creatures
  A reaper (IceCv)
  A boulder beetle (D:11)
  2 two-headed ogres
  A skyshark (Lair:2)
  A manticore (D:11)
  An ugly thing (D:11)
  2 ice statues (IceCv)
  4 elephants (Lair:2)
  5 cane toads
  3 kobold demonologists
  A freezing wraith (IceCv)
  A komodo dragon (Lair:2)
  4 ice devils (IceCv)
  A troll (D:10)
  A hornet (D:9)
  A polar bear (Lair:2)
  4 blink frogs
  Prince Ribbit (D:6)
  2 jumping spiders (Lair:2)
  27 yaks
  A dire elephant simulacrum (IceCv)
  A vampire (D:10)
  3 wraiths (D:11)
  A basilisk (Lair:2)
  A redback (Lair:2)
  3 steam dragons
  2 harpy simulacra (IceCv)
  4 water moccasins
  3 ice beasts
  A sky beast (D:7)
  A black bear (D:11)
  4 centaurs
  An ogre (D:5)
  9 bullfrogs
  2 kobold brigands
  Blork the orc (D:4)
  3 scorpions
  A gnoll sergeant (D:5)
  2 cane toad simulacra (IceCv)
  7 wights
  5 killer bees (D:9)
  An electric eel (Lair:2)
  A howler monkey (D:5)
  A jelly (D:6)
  6 orc priests
  3 hounds
  2 sleepcaps
  Natasha (thrice) (D:2)
  3 iguanas
  11 orc wizards
  A polar bear simulacrum (IceCv)
  A troll simulacrum (IceCv)
  4 gnolls (D:5)
  6 adders
  2 naga simulacra (IceCv)
  A river rat (D:11)
  A shadow imp (D:8)
  4 white imps
  7 ufetubi
  2 ribbon worms
  3 dart slugs
  23 orcs
  3 endoplasms
  3 giant cockroaches
  6 goblins
  6 hobgoblins
  3 jackals (D:2)
  16 kobolds
  3 quokkas
  13 ball pythons
  4 bats
  3 frilled lizards
  8 rats
274 creatures vanquished.

Vanquished Creatures (collateral kills)
  A hydra (D:10)
  An elephant (Lair:2)
  A komodo dragon (Lair:2)
  2 ice devils (IceCv)
  2 trolls
  3 blink frogs (Lair:1)
  A wraith (D:10)
  14 yaks
  A wyvern (D:9)
  A shadow (D:11)
  2 basilisks
  2 steam dragons (D:9)
  4 water moccasins
  An orc warrior (D:9)
  2 black bears
  A kobold brigand (D:11)
  4 bullfrogs
  A scorpion (D:7)
  A cane toad simulacrum (IceCv)
  5 wights
  An elephant simulacrum (IceCv)
  4 killer bees (D:9)
  An orc priest (D:7)
  A hell rat (D:11)
  4 orc wizards
  A troll simulacrum (IceCv)
  A river rat (D:11)
  2 white imps (IceCv)
  5 kobolds
70 creatures vanquished.

Vanquished Creatures (others)
  14 knights
14 creatures vanquished.

Grand Total: 358 creatures vanquished

Notes
Turn   | Place    | Note
-------+----------+-------------------------------------------
     0 | D:1      | Ajdolov the Ghoul Hunter began the quest for the Orb.
     0 | D:1      | Reached XP level 1. HP: 17/17 MP: 1/1
    72 | D:1      | Reached XP level 2. HP: 20/25 MP: 2/2
   294 | D:1      | Found Gemethre's Weapon Shoppe.
   432 | D:1      | Reached XP level 3. HP: 33/33 MP: 3/3
  1000 | D:2      | Noticed Natasha
  1012 | D:2      | Killed Natasha
  1013 | D:2      | Reached XP level 4. HP: 8/41 MP: 4/4
  1452 | D:2      | Noticed Natasha
  1454 | D:2      | Killed Natasha
  1455 | D:2      | Reached skill level 5 in Fighting
  1499 | D:2      | Reached skill level 4 in Ranged Weapons
  1593 | D:2      | Reached XP level 5. HP: 48/48 MP: 5/5
  1598 | D:2      | Noticed Sigmund
  1643 | D:2      | Noticed Natasha
  1656 | D:2      | Killed Natasha
  1881 | D:3      | Found a faded altar of an unknown god.
  1987 | D:3      | Found a snail-covered altar of Cheibriados.
  2125 | D:3      | Reached skill level 5 in Ranged Weapons
  2158 | D:3      | Reached XP level 6. HP: 38/56 MP: 6/6
  2892 | D:4      | Reached skill level 6 in Ranged Weapons
  3102 | D:4      | Noticed Blork the orc
  3121 | D:4      | Killed Blork the orc
  3122 | D:4      | Reached XP level 7. HP: 42/61 MP: 7/7
  3285 | D:4      | Reached skill level 7 in Ranged Weapons
  3597 | D:4      | Found a runed translucent door.
  3598 | D:4      | Noticed Crazy Yiuf
  3659 | D:5      | Entered Level 5 of the Dungeon
  3959 | D:5      | Noticed a steam dragon
  4142 | D:5      | Identified the +5 scale mail "Mico" {Regen+ Dex+3}
  4408 | D:5      | Found a staircase to the Ecumenical Temple.
  4427 | D:4      | Reached XP level 8. HP: 23/68 MP: 8/8
  4583 | Temple   | Entered the Ecumenical Temple
  4591 | Temple   | Became a worshipper of Hepliaklqana the Forgotten
  4760 | D:5      | Reached skill level 8 in Ranged Weapons
  4886 | D:5      | Identified the +4 ring mail of Indomitability {Rampage}
  5836 | D:5      | Reached skill level 9 in Ranged Weapons
  6102 | D:5      | Noticed Edmund
  6351 | D:6      | Noticed Prince Ribbit
  6351 | D:6      | Found Feozua's Assorted Antiques.
  6658 | D:6      | Bought a scroll of teleportation for 93 gold pieces
  6658 | D:6      | Bought a runed silver wand for 124 gold pieces
  7049 | D:6      | Reached skill level 10 in Ranged Weapons
  7108 | D:6      | Reached XP level 9. HP: 57/74 MP: 8/10
  7159 | D:6      | Killed Prince Ribbit
  7783 | D:7      | Reached skill level 5 in Invocations
  8388 | D:7      | Reached * piety under Hepliaklqana
  8566 | D:7      | Found a shimmering blue altar of Sif Muna.
  9563 | D:8      | Reached XP level 10. HP: 72/72 MP: 13/13
  9718 | D:8      | Reached skill level 11 in Ranged Weapons
  9736 | D:8      | Reached ** piety under Hepliaklqana
  9737 | D:8      | Remembered your ancestor Celac as a knight
  9795 | D:8      | Reached skill level 5 in Dodging
 10371 | D:9      | Found Ykubitic's Distillery.
 10371 | D:9      | You fall into a shaft and drop 1 floor!
 10371 | D:10     | Entered Level 10 of the Dungeon
 10420 | D:9      | Noticed a kobold demonologist
 10432 | D:9      | Killed a kobold demonologist
 10483 | D:9      | Bought a potion of degeneration for 10 gold pieces
 10528 | D:9      | Found a sacrificial altar of Ru.
 10859 | D:9      | Found a basalt altar of Yredelemnul.
 10865 | D:9      | Found an iron altar of Okawaru.
 10866 | D:9      | Found a radiant altar of Vehumet.
 10951 | D:9      | Reached skill level 12 in Ranged Weapons
 11088 | D:9      | Identified the +1 war axe "Hiora" {antimagic, rF+}
 11467 | D:10     | Noticed a two-headed ogre
 11498 | D:10     | Killed a two-headed ogre
 11499 | D:10     | Reached XP level 11. HP: 44/77 MP: 10/17
 12159 | D:10     | Noticed a four-headed hydra
 12166 | D:10     | Killed a four-headed hydra
 12167 | D:10     | Reached skill level 13 in Ranged Weapons
 12167 | D:10     | Noticed a centaur warrior
 12382 | D:10     | Identified the ring of Hepliaklqana's Regard {rF+ rCorr
                  | EV+5 Int+6}
 12394 | D:10     | Identified the ring "Taab" {rPois rCorr}
 12598 | D:11     | Reached *** piety under Hepliaklqana
 12627 | D:11     | Noticed a boulder beetle
 12674 | D:11     | Reached skill level 10 in Invocations
 12767 | D:11     | Noticed a manticore
 12969 | D:11     | Noticed a brown ugly thing
 12981 | D:11     | Killed a brown ugly thing
 13083 | D:11     | Found a staircase to the Lair.
 13100 | D:11     | Noticed a two-headed ogre
 13110 | D:11     | Killed a two-headed ogre
 13354 | D:11     | Killed a boulder beetle
 13355 | D:11     | Reached skill level 14 in Ranged Weapons
 13455 | D:11     | Killed a manticore
 13537 | D:11     | Reached XP level 12. HP: 84/84 MP: 19/19
 13803 | Lair:1   | Entered Level 1 of the Lair of Beasts
 13849 | Lair:1   | Identified the +2 robe of Mung {rF+}
 14283 | Lair:1   | Reached skill level 15 in Ranged Weapons
 14731 | Lair:2   | Found a staircase to the Swamp.
 15489 | Lair:2   | Noticed Gastronok
 15586 | Lair:2   | Reached skill level 16 in Ranged Weapons
 15595 | Lair:2   | Reached skill level 1 in Evocations
 15847 | Lair:2   | Noticed a skyshark
 15860 | Lair:2   | Killed a skyshark
 15930 | Lair:2   | Reached **** piety under Hepliaklqana
 15938 | Lair:2   | Found a hole to the Spider Nest.
 16070 | Lair:2   | Reached skill level 5 in Evocations
 16186 | Lair:2   | Reached XP level 13. HP: 90/90 MP: 20/20
 16545 | Lair:3   | Noticed Nessos
 16641 | Lair:3   | Found a frozen archway.
 16688 | IceCv    | Entered an ice cave
 18001 | IceCv    | Noticed a reaper
 18024 | IceCv    | Killed a reaper
 18382 | Lair:3   | Shot with an arrow by Nessos

Illustrated notes

Levels and vault maps discovered:
D:1:      psy_arrival_radial02, layout_basic, serial_shops,
          nicolae_shop_behind_doors
D:2:      layout_basic, minmay_pentomino_z4, uniq_natasha, uniq_sigmund
D:3:      layout_basic, cheibriados_altar_2, chequers_ecumenical_altar_grove,
          fountainhead
D:4:      layout_rooms, uniq_crazy_yiuf_cottage, uniq_blork_the_orc
D:5:      layout_basic, minmay_temple_entry_ruins, uniq_edmund
D:6:      layout_loops_ring, serial_shops, nicolae_shop_stone,
          uniq_prince_ribbit1
D:7:      layout_loops_ring, lemuel_crystal_altar
D:8:      layout_cave_pods
D:9:      layout_basic, mainiacjoe_overflow_concentric_impassable,
          grunt_temple_overflow_open, serial_shops, shop
D:10:     layout_long_grid, minmay_the_grid_2x2 [minmay_the_grid_empty,
          minmay_the_grid_outer_diamond, minmay_the_grid_diamond_grid,
          minmay_the_grid_prize_diamond_cup]
D:11:     layout_long_grid, dpeg_lair_monsters
Temple:   lightli_temple_of_artemis
Lair:1:   layout_loops_ring
Lair:2:   layout_regular_city, swamp_mist_pool, spider_nest_entry_a,
          columned_hall_lemuel, uniq_gastronok
Lair:3:   layout_misc_corridors, portal_ice_cave_entry_pillars_2, uniq_nessos

Skill      XL: |  1  2  3  4  5  6  7  8  9 10 11 12 13 |
---------------+----------------------------------------+-----
Fighting       | 3 4 5 |  5.0
Ranged Weapons | 4 5 6 7 10 12 14 16 | 16.1
Invocations    | 2 5 8 10 | 10.0
Dodging        | 4 5 |  5.0
Evocations     | 5 8 |  8.1
Stealth        | |  1.1

Action                     |  1- 3 |  4- 6 |  7- 9 | 10-12 | 13-15 || total
---------------------------+-------+-------+-------+-------+-------++-------
   Fire: Shortbow          |    83 |   208 |   496 |   206 |   204 ||  1197
         Orcbow            |       |       |       |   556 |     2 ||   558
         Longbow           |       |       |       |       |    22 ||    22
  Throw: Dart              |       |       |     1 |     4 |     1 ||     6
 Invoke: Recall Ancestor   |       |       |       |     8 |     1 ||     9
         Ancestor Life: Kn |       |       |       |     1 |       ||     1
         Transference      |       |       |       |     2 |     1 ||     3
  Evoke: Phantom mirror    |       |       |       |     1 |     1 ||     2
         Wand              |       |       |       |       |     1 ||     1
         Phial of floods   |       |       |       |       |     1 ||     1
    Use: Potion            |       |       |     3 |     1 |       ||     4
         Scroll            |       |       |     9 |     5 |     2 ||    16
 Armour: Leather armour    |    29 |    71 |   219 |       |       ||   319
         Robe              |       |       |       |    19 |       ||    19
         Steam dragon scal |       |       |       |    70 |    72 ||   142
  Dodge: Dodged            |    28 |    49 |   136 |   109 |    80 ||   402

Table legend: (Time is in decaauts)
 A = Elapsed time spent in this place.
 B = Non-inter-level travel time spent in this place.
 C = Inter-level travel time spent in this place.
 D = Time resting spent in this place.
 E = Time spent auto-exploring this place.
 F = Levels seen in this place.
 G = Mean time per level.
                   A        B        C        D        E       F      G
               +--------+--------+--------+--------+--------+-----+--------+
         Total |  18308 |  17335 |    973 |   4805 |   8334 |  16 | 1144.2 |
       Dungeon |  13791 |  12978 |    813 |   2936 |   6960 |  11 | 1253.7 |
        Temple |     95 |     95 |      0 |     79 |      0 |   1 |   95.0 |
          Lair |   2843 |   2683 |    160 |    753 |   1322 |   3 |  947.7 |
      Ice Cave |   1577 |   1577 |      0 |   1036 |     52 |   1 | 1577.0 |
               +--------+--------+--------+--------+--------+-----+--------+

Top non-repeatable levels by time:
     D:4: 1883 daAuts
     D:5: 1580 daAuts
   IceCv: 1577 daAuts
    D:10: 1472 daAuts
  Lair:1: 1380 daAuts
     D:6: 1316 daAuts
  Lair:2: 1298 daAuts
     D:9: 1252 daAuts
     D:7: 1218 daAuts
     D:3: 1161 daAuts
    D:11: 1078 daAuts
     D:8: 1031 daAuts
     D:1: 977 daAuts
     D:2: 819 daAuts
  Lair:3: 165 daAuts
